 Dungeon Crawl Stone Soup version 0.19.5 (webtiles) character file.

372758 JeffiDaFish the Peltast (level 22, -13/147 HPs)
             Began as a Gargoyle Fighter on Nov 11, 2017.
             Was the Champion of Okawaru.
             Mangled by a deep troll shaman (18 damage)
             ... led by an ironheart preserver
             ... on level 5 of the Vaults on Nov 12, 2017.
             The game lasted 01:46:31 (34304 turns).

JeffiDaFish the Peltast (Gargoyle Fighter)         Turns: 34304, Time: 01:46:31

Health: -13/147    AC: 44    Str: 30    XL:     22   Next: 70%
Magic:  31/31      EV: 14    Int: 10    God:    Okawaru [******]
Gold:   1211       SH: 29    Dex: 18    Spells: 2 memorised, 28 levels left

rFire  + + .     SeeInvis +     G - +10 morningstar "Eos" {elec, Halo rElec}
rCold  . . .     Gourm    .     s - +0 plate armour of Impermeability {rF++ Regen+}
rNeg   + + .     Faith    .     L - +5 large shield
rPois  ∞         Spirit   .     t - +2 helmet {SInv}
rElec  +         Reflect  .     e - +0 cloak
rCorr  .         Harm     .     (no gloves)
MR     +....                    H - +2 pair of boots {run}
Stlth  ..........               b - amulet of regeneration
                                M - ring "Mostriubb" {rN+ Str+4 Dex+2}
                                F - ring of the Twelve Souls {Wiz Str+4}

@: flying, glowing, quick
A: big wings, negative energy resistance 1, electricity resistance, unbreathing,
petrification resistance, rot immunity, AC +16
a: Stop Flying, Heroism, Finesse, Renounce Religion
}: 2/15 runes: decaying, serpentine


You were on level 5 of the Vaults.
You worshipped Okawaru.
Okawaru was exalted by your worship.
You were not hungry.

You visited 7 branches of the dungeon, and saw 37 of its levels.
You visited the Abyss 1 time.

You collected 3438 gold pieces.
You spent 2227 gold pieces at shops.

Inventory:

Hand Weapons
 r - a +9 morningstar of venom
 G - the +10 morningstar "Eos" (weapon) {elec, Halo rElec}
   (Okawaru gifted it to you on level 2 of the Abyss)

   Occasionally, upon striking a foe, it will discharge some electrical energy
   and cause terrible harm.
   It insulates you from electricity.
Armour
 e - a +0 cloak (worn)
 s - the +0 plate armour of Impermeability (worn) {rF++ Regen+}
   (Okawaru gifted it to you on level 1 of the Snake Pit)

   It greatly protects you from fire.
   It increases your rate of regeneration.
 t - a +2 helmet of see invisible (worn)
 y - a +2 plate armour
 H - a +2 pair of boots of running (worn)
 L - a +5 large shield (worn)
Jewellery
 b - an amulet of regeneration (around neck)
 z - an uncursed ring of protection from fire
 F - the ring of the Twelve Souls (left hand) {Wiz Str+4}
   (You found it on level 15 of the Dungeon)

   [ring of wizardry]

   It improves your spell success rate.
   It affects your strength (+4).
 K - a +4 ring of evasion
 M - the ring "Mostriubb" (right hand) {rN+ Str+4 Dex+2}
   (You bought it in a shop on level 4 of the Snake Pit)

   [ring of dexterity]

   It affects your strength (+4).
   It affects your dexterity (+2).
   It protects you from negative energy.
Wands
 v - a wand of heal wounds (2/9)
Scrolls
 g - 11 scrolls of identify
 h - 2 scrolls of fog
 k - 15 scrolls of teleportation
 m - 2 scrolls of recharging
 n - 15 scrolls of remove curse
 p - 5 scrolls of fear
 D - 3 scrolls of magic mapping
 I - 4 scrolls of amnesia
 N - a scroll of enchant weapon
 P - 3 scrolls of blinking
Potions
 d - 4 potions of might
 j - 5 potions of agility
 o - 5 potions of heal wounds
 q - 3 potions of cure mutation
 w - 8 potions of curing
 x - 3 potions of haste
 C - a potion of ambrosia
 E - a potion of magic
 J - 3 potions of cancellation
 O - a potion of resistance
 Q - 2 potions of brilliance
Books
 l - a book of Spatial Translocations

   Spells                             Type                      Level
   a - Blink                          Translocation                2
   b - Shroud of Golubria             Charms/Translocation         2
   c - Lesser Beckoning               Translocation                3
   d - Portal Projectile              Translocation                3
   e - Teleport Other                 Translocation                3
   f - Passage of Golubria            Translocation                4
Comestibles
 a - 6 slices of pizza
 c - 11 chunks of flesh
 f - 16 bread rations
 i - 13 meat rations
 u - 5 beef jerkies
 A - 10 royal jellies
 B - 27 fruits


   Skills:
 * Level 18.0 Fighting
 * Level 19.1 Maces & Flails
 * Level 17.8 Armour
 + Level 10.0 Dodging
 - Level 1.4 Stealth
 * Level 19.5 Shields
 + Level 6.3 Spellcasting
 + Level 6.3 Translocations
 + Level 11.5 Invocations


You had 28 spell levels left.
You knew the following spells:

 Your Spells              Type           Power        Failure   Level  Hunger
a - Blink                 Tloc           N/A          10%         2    ##.....
b - Mephitic Cloud        Conj/Pois/Air  #.......     99%         3    ###....


Dungeon Overview and Level Annotations

Branches:
Dungeon (15/15)            Temple (1/1) D:4            Lair (6/6) D:9
  Swamp (4/4) Lair:4        Snake (4/4) Lair:4        Slime (0/5) Lair:6
    Orc (2/2) D:9             Elf (0/3) Orc:2        Vaults (5/5) D:13
  Crypt (0/3) Vaults:3     Depths (0/5) D:15

Altars:
Cheibriados
Dithmenos
Fedhas
Gozag
Hepliaklqana
Makhleb
Nemelex Xobeh
Okawaru
Qazlal
Ru
Sif Muna
Trog
Uskayaw
Vehumet
Xom
Yredelemnul
Jiyva
Lugonu

Shops:
D:6 [   D:9 ?   D:14 [   Orc:2 ?=((   Snake:2 *   Snake:4 =   Vaults:2 %
Vaults:3 [   Vaults:4 =   Vaults:5 (

Portals:
Hell: Lair:6

Annotations:
D:7 exclusion: ice statue


Innate Abilities, Weirdness & Mutations

You are resistant to torment.
Your stone body is resilient. (AC +16)
You are immune to poison.
Your large and strong wings let you fly indefinitely.
You resist negative energy. (rN+)
You are resistant to electric shocks. (rElec)
You can survive without breathing.
You are immune to petrification.
You are immune to rotting.


Message History

You block the deep troll shaman's attack. x2
The deep troll shaman claws you!
* * * LOW HITPOINT WARNING * * *
The deep troll shaman bites you!
* * * LOW HITPOINT WARNING * * *
You block the deep troll shaman's attack.
The deep troll shaman barely misses you.
You block the deep troll shaman's attack. x2
The deep troll shaman closely misses you.
The deep troll completely misses you. The deep troll claws you!
* * * LOW HITPOINT WARNING * * *
The deep troll claws you but does no damage.
You block the deep troll shaman's attack.
The deep troll shaman barely misses you. x2
The deep troll shaman bites you but does no damage.
The deep troll shaman claws you but does no damage.
The deep troll shaman misses you.
The deep troll shaman barely misses you.
The deep troll shaman claws you!!
You die...

########################
................TT......
................@T......
################TQ......
...... ......... ......
*..#....#. ......
....#....# .....
#....#....# ..#++ #....#
...# ..# .....# ...# ..#


You could see a tengu reaver, a deep troll, 3 deep troll shamans and a
battlesphere.

Vanquished Creatures
  An ancient lich (Vaults:4)
  the Lernaean hydra (Swamp:4)
  A bone dragon (Vaults:3)
  The ghost of blobert the Shatterer, an adept MiFi of Okawaru (Vaults:5)
  A golden dragon (Vaults:5)
  The ghost of JeffiDaFish the Peltast, an adept GrFi of Okawaru (Vaults:4)
  Rupert (D:14)
  A tentacled monstrosity (Vaults:5)
  Frances (Snake:2)
  2 sphinxes
  A tentacled starspawn (Abyss:2)
  Agnes (D:14)
  2 Executioners (Abyss:2)
  Kirke (D:14)
  The ghost of JeffiDaFish the Warrior, an adept GrFi of Okawaru (Snake:4)
  A storm dragon (Vaults:4)
  Roxanne (D:15)
  A shadow dragon (Vaults:4)
  3 tengu reavers
  5 thorn hunters
  A fire giant (Vaults:4)
  17 nagarajas (Snake:4)
  21 vault wardens
  A frost giant (Vaults:5)
  Louise (Swamp:2)
  2 deep elf elementalists (Vaults:5)
  A cacodemon (Abyss:2)
  A ghoul (Vaults:3)
  12 ironheart preservers
  A war gargoyle (Vaults:4)
  6 stone giants
  A starcursed mass (Abyss:2)
  3 deep elf annihilators
  An entropy weaver (shapeshifter) (Vaults:5)
  A deep elf demonologist (Vaults:5)
  A dire elephant (Lair:6)
  A black draconian (Abyss:2)
  Nessos (Lair:6)
  Azrael (D:15)
  A fire dragon (Vaults:1)
  3 ettins
  Josephine (D:15)
  2 deep elf death magi
  12 ogre magi
  9 yaktaur captains
  2 great orbs of eyes
  21 hydras
  Harold (D:12)
  37 vault guards
  4 ice dragons
  2 ghost crabs
  17 naga warriors
  11 anacondas
  3 death knights
  10 alligators
  6 centaur warriors
  2 dancing weapons (D:13)
  2 deep troll shamans
  2 deep troll earth magi
  7 shock serpents
  An orc high priest (Orc:2)
  10 naga sharpshooters
  6 death yaks (Lair:6)
  5 deep elf knights
  A shock serpent (shapeshifter) (Vaults:1)
  A storm dragon zombie (Vaults:4)
  A sun demon (Lair:6)
  4 spriggans
  2 wretched stars (Abyss:2)
  A salamander mystic (Snake:2)
  2 sixfirhies
  A skeletal warrior (Vaults:1)
  A shadow wraith (Vaults:5)
  A spatial maelstrom (Abyss:2)
  4 unseen horrors
  8 naga ritualists
  3 glowing orange brains
  3 flayed ghosts
  10 deep trolls
  4 deep elf archers
  7 sea snakes (Snake:4)
  11 swamp dragons
  5 wizards
  10 ironbrand convokers
  4 shambling mangroves
  3 hill giants
  4 phantasmal warriors
  3 necromancers
  7 mana vipers
  4 harpies (Vaults:4)
  12 orc knights
  A stone giant zombie (Vaults:4)
  36 ugly things
  2 orc sorcerers (Vaults:2)
  15 deep elf magi
  A worldbinder (Abyss:2)
  3 cyclopes
  6 centaur zombies
  11 salamanders
  13 elephants
  5 wolf spiders
  A manticore (shapeshifter) (Vaults:5)
  15 naga magi
  15 guardian serpents
  3 manticores
  An apocalypse crab (Abyss:2)
  40 black mambas
  A gargoyle (D:12)
  2 smoke demons
  12 vault sentinels
  6 centaur skeletons
  8 orange demons
  17 spiny frogs
  4 human skeletons
  A rime drake (shapeshifter) (Vaults:2)
  42 yaktaurs
  5 freezing wraiths
  An efreet (Abyss:2)
  2 kobold demonologists
  A hellwing (Abyss:2)
  2 ice devils (Lair:6)
  7 komodo dragons
  2 ancient zymes (Abyss:2)
  2 red devils (Lair:6)
  2 polar bears
  11 tyrant leeches
  2 meliai (shapeshifter) (Vaults:3)
  A tengu simulacrum (Vaults:5)
  32 two-headed ogres
  A queen bee (shapeshifter) (Vaults:4)
  A merfolk (shapeshifter) (Vaults:2)
  5 trolls
  21 hornets
  22 blink frogs
  A sphinx simulacrum (Vaults:5)
  24 slime creatures
  7 raiju (Abyss:2)
  A dream sheep (shapeshifter) (Vaults:5)
  7 hippogriffs
  11 bog bodies
  An ettin zombie (Vaults:4)
  4 large abominations (Abyss:2)
  4 ynoxinuls (Abyss:2)
  4 shadows
  37 yaks
  2 fire elementals (D:15)
  2 hogs (D:14)
  6 basilisks
  3 wyverns
  6 wraiths
  A human (shapeshifter) (Vaults:4)
  Grum (D:9)
  26 vampire mosquitoes
  A hungry ghost (D:7)
  A chaos spawn (Abyss:2)
  A neqoxec (Abyss:2)
  3 mottled dragons
  3 wargs
  9 insubstantial wisps
  23 swamp worms
  45 nagas
  A soldier ant (shapeshifter) (Vaults:1)
  8 water moccasins
  A water moccasin (shapeshifter) (Vaults:4)
  3 hell hounds
  28 orc warriors
  7 porcupines
  11 swamp drakes
  A deep troll skeleton (Vaults:5)
  3 black bears
  3 ice beasts
  2 sky beasts
  An eye of draining (D:15)
  A hornet zombie (D:8)
  5 boggarts (Vaults:3)
  69 ogres
  2 phantoms
  16 wolves
  6 centaurs
  11 crocodiles
  4 big kobolds
  21 bullfrogs
  2 glowing shapeshifter simulacra
  5 scorpions
  8 small abominations (Abyss:2)
  A water moccasin skeleton (D:9)
  9 killer bees
  6 wights (D:8)
  2 howler monkeys (D:12)
  2 electric eels (Snake:4)
  A bullfrog zombie (D:8)
  9 crimson imps
  A human simulacrum (Vaults:1)
  9 jellies
  10 hounds
  3 quasits
  20 orc priests
  30 orc wizards
  An iron imp (Abyss:2)
  An iguana (D:6)
  8 worker ants
  Terence (D:3)
  A hound zombie (D:7)
  A worker ant zombie (D:5)
  19 adders
  2 howler monkey skeletons (D:8)
  A river rat (D:9)
  4 shadow imps
  An ufetubus (Abyss:2)
  5 oozes (D:8)
  5 dart slugs
  3 worms (D:3)
  4 leopard geckos
  86 orcs
  11 ball pythons
  7 bats
  2 giant cockroaches
  6 goblins
  10 hobgoblins
  18 jackals
  15 kobolds
  5 quokkas
  A frilled lizard (D:3)
  A jackal zombie (D:6)
  A leopard gecko zombie (D:4)
  7 rats
  6 briar patches
  2 fungi (D:9)
  A lurking horror (Abyss:2)
  2 starspawn tentacles (Abyss:2)
1571 creatures vanquished.

Vanquished Creatures (collateral kills)
  A vampire mosquito (Swamp:1)
  A swamp worm (Swamp:1)
2 creatures vanquished.

Vanquished Creatures (others)
  5 humans
  An ogre (Vaults:3)
  A small abomination (Abyss:2)
  An electric eel (Snake:4)
  2 orcs
  A rat (D:2)
  A briar patch (Swamp:1)
  8 fungi
  2 plants (D:15)
  2 starspawn tentacles (Abyss:2)
24 creatures vanquished.

Grand Total: 1597 creatures vanquished

Notes
Turn   | Place    | Note
-------+----------+-------------------------------------------
     0 | D:1      | JeffiDaFish the Gargoyle Fighter began the quest for the Orb.
     0 | D:1      | Reached XP level 1. HP: 14/14 MP: 1/1
   104 | D:1      | Reached XP level 2. HP: 18/19 MP: 2/2
   334 | D:1      | Reached XP level 3. HP: 24/24 MP: 3/3
  1103 | D:2      | Reached XP level 4. HP: 29/29 MP: 4/4
  1335 | D:2      | Found a faded altar of an unknown god.
  1335 | D:2      | Found a shimmering altar of Xom.
  1340 | D:2      | Found a faded altar of an unknown god.
  1343 | D:2      | Found a faded altar of an unknown god.
  1345 | D:2      | Found a faded altar of an unknown god.
  1439 | D:3      | Reached XP level 5. HP: 8/33 MP: 5/5
  1722 | D:3      | Found a snail-covered altar of Cheibriados.
  1973 | D:3      | Gained mutation: You possess an exceptional clarity of mind. [potion of mutation]
  1973 | D:3      | Gained mutation: Scrolls take you a little longer to read. [potion of mutation]
  1973 | D:3      | Gained mutation: You have a somewhat thin skeletal structure. (Dex +2, Stealth) [potion of mutation]
  2040 | D:3      | Found a faded altar of an unknown god.
  2045 | D:3      | Reached XP level 6. HP: 37/38 MP: 6/6
  2144 | D:3      | Noticed Terence
  2151 | D:3      | Killed Terence
  2348 | D:4      | Found a hazy altar of Hepliaklqana.
  2424 | D:4      | Reached skill level 5 in Shields
  2519 | D:4      | Found a burning altar of Makhleb.
  2622 | D:4      | Found a staircase to the Ecumenical Temple.
  2638 | Temple   | Entered the Ecumenical Temple
  2655 | Temple   | Became a worshipper of Warmaster Okawaru
  2813 | D:4      | Lost mutation: You possess an exceptional clarity of mind. [potion of cure mutation]
  2813 | D:4      | Lost mutation: You have a somewhat thin skeletal structure. (Dex +2, Stealth) [potion of cure mutation]
  2813 | D:4      | Lost mutation: Scrolls take you a little longer to read. [potion of cure mutation]
  2845 | D:4      | Reached skill level 1 in Dodging
  2845 | D:4      | Reached XP level 7. HP: 30/44 MP: 7/7
  3296 | D:5      | Entered Level 5 of the Dungeon
  3701 | D:5      | Reached skill level 5 in Maces & Flails
  3701 | D:5      | Reached skill level 5 in Armour
  4245 | D:6      | Reached * piety under Okawaru
  4250 | D:6      | Reached XP level 8. HP: 20/48 MP: 8/8
  4254 | D:6      | Reached skill level 5 in Fighting
  4597 | D:6      | Reached ** piety under Okawaru
  4607 | D:6      | Found Iselyr's Antique Armour Emporium.
  4633 | D:6      | Bought a runed helmet for 231 gold pieces
  4728 | D:6      | Found a shimmering altar of Xom.
  5074 | D:7      | Found a shimmering altar of Xom.
  5097 | D:7      | Reached XP level 9. HP: 53/55 MP: 9/9
  5360 | D:7      | Reached *** piety under Okawaru
  5387 | D:7      | Noticed an ice statue
  5462 | D:7      | Found a shadowy altar of Dithmenos.
  5500 | D:7      | Found an opulent altar of Gozag.
  5501 | D:7      | Found a sparkling altar of Nemelex Xobeh.
  5946 | D:8      | Found a bloodstained altar of Trog.
  6259 | D:8      | Noticed a two-headed ogre
  6264 | D:8      | Killed a two-headed ogre
  6264 | D:8      | Reached XP level 10. HP: 45/63 MP: 10/10
  6331 | D:8      | Reached **** piety under Okawaru
  6371 | D:8      | Identified the +6 morningstar "Killer Klown's Curse" {holy, +Fly rElec rF- MR++} (You took it off an orc on level 8 of the Dungeon)
  6444 | D:9      | Found Axig Zaid's Magic Scroll Shop.
  6449 | D:9      | Found a radiant altar of Vehumet.
  6469 | D:9      | Found a staircase to the Orcish Mines.
  6728 | D:9      | Found a blossoming altar of Fedhas.
  6738 | D:9      | Found a staircase to the Lair.
  7047 | D:9      | Noticed Grum
  7070 | D:9      | Killed Grum
  7070 | D:9      | Reached skill level 1 in Stealth
  7315 | Lair:1   | Entered Level 1 of the Lair of Beasts
  7433 | Lair:1   | Reached ***** piety under Okawaru
  7433 | Lair:1   | Received a gift from Okawaru
  7483 | Lair:1   | Reached skill level 10 in Maces & Flails
  7558 | Lair:1   | Noticed a spiny frog
  7563 | Lair:1   | Killed a spiny frog
  7573 | Lair:1   | Reached XP level 11. HP: 62/68 MP: 11/11
  7762 | Lair:2   | Reached skill level 10 in Shields
  7914 | Lair:2   | Received a gift from Okawaru
  7988 | Lair:2   | Reached ****** piety under Okawaru
  8077 | Lair:2   | Received a gift from Okawaru
  8975 | Lair:3   | Reached XP level 12. HP: 76/76 MP: 12/12
 10280 | Lair:4   | Received a gift from Okawaru
 10298 | Lair:4   | Found a staircase to the Swamp.
 10576 | Lair:4   | Found a staircase to the Snake Pit.
 10725 | Lair:4   | Reached skill level 10 in Fighting
 11135 | Lair:5   | Noticed a seven-headed hydra
 11142 | Lair:5   | Killed a seven-headed hydra
 11142 | Lair:5   | Reached XP level 13. HP: 69/82 MP: 13/13
 11381 | Lair:5   | Received a gift from Okawaru
 11596 | Lair:6   | Entered Level 6 of the Lair of Beasts
 11648 | Lair:6   | Reached skill level 10 in Armour
 11754 | Lair:6   | Noticed a dire elephant
 11763 | Lair:6   | Killed a dire elephant
 11842 | Lair:6   | Found a viscous altar of Jiyva.
 11849 | Lair:6   | Found a staircase to the Slime Pits.
 11904 | Lair:6   | Received a gift from Okawaru
 11905 | Lair:6   | Identified the +2 hat "Oco Wos" {+Inv} (Okawaru gifted it to you on level 6 of the Lair of Beasts)
 11999 | Lair:6   | Noticed Nessos
 12007 | Lair:6   | Killed Nessos
 12180 | Lair:6   | Reached skill level 1 in Invocations
 12184 | Lair:6   | Found a burning altar of Makhleb.
 12222 | Lair:6   | Gained mutation: Your large and strong wings let you fly indefinitely. [Gargoyle growth]
 12222 | Lair:6   | Reached XP level 14. HP: 72/90 MP: 10/14
 12274 | Lair:6   | Found a gateway to Hell.
 12840 | D:10     | Entered Level 10 of the Dungeon
 13451 | D:10     | Received a gift from Okawaru
 14425 | D:12     | Received a gift from Okawaru
 14579 | D:12     | Found a deep blue altar of Sif Muna.
 14596 | D:12     | Identified Sif Muna's Incunabulum of Execration
 14666 | D:12     | Noticed Harold
 14688 | D:12     | Killed Harold
 15163 | D:13     | Found a gate to the Vaults.
 15252 | D:13     | Reached skill level 15 in Maces & Flails
 15252 | D:13     | Reached XP level 15. HP: 96/96 MP: 18/18
 15330 | D:13     | Received a gift from Okawaru
 15464 | D:13     | Identified a +1 pair of boots of running (Okawaru gifted it to you on level 13 of the Dungeon)
 15627 | D:13     | Found a sparkling altar of Nemelex Xobeh.
 15745 | D:14     | Noticed Kirke
 15850 | D:14     | Killed Kirke
 15942 | D:14     | Found a burning altar of Makhleb.
 16181 | D:14     | Noticed Agnes
 16218 | D:14     | Killed Agnes
 16450 | D:14     | Found Kigi's Antique Armour Shoppe.
 16475 | D:14     | Bought a polished plate armour for 896 gold pieces
 16485 | D:14     | Identified the cursed +1 plate armour "Heczig Fust" {Int+3 Dex+3 Slay-6} (You bought it in a shop on level 14 of the Dungeon)
 16612 | D:14     | Noticed Rupert
 16623 | D:14     | Killed Rupert
 16693 | D:15     | Entered Level 15 of the Dungeon
 16719 | D:15     | Reached skill level 5 in Dodging
 16746 | D:15     | Noticed Azrael
 16761 | D:15     | Killed Azrael
 16761 | D:15     | Reached skill level 5 in Invocations
 16791 | D:15     | Noticed Josephine
 16802 | D:15     | Killed Josephine
 16926 | D:15     | Reached skill level 15 in Shields
 16988 | D:15     | Noticed Roxanne
 17064 | D:15     | Killed Roxanne
 17069 | D:15     | Identified Roxanne's Catalogue of Shape Shifting (You took it off Roxanne on level 15 of the Dungeon)
 17111 | D:15     | Got a fine granite ring
 17112 | D:15     | Identified the ring of the Twelve Souls {Wiz Str+4} (You found it on level 15 of the Dungeon)
 17196 | D:15     | Received a gift from Okawaru
 17392 | D:15     | Received a gift from Okawaru
 17445 | D:15     | Learned a level 2 spell: Blink
 17449 | D:15     | Learned a level 3 spell: Mephitic Cloud
 17523 | D:15     | Found a staircase to the Depths.
 17700 | Orc:1    | Entered Level 1 of the Orcish Mines
 17766 | Orc:1    | Reached XP level 16. HP: 104/104 MP: 20/20
 18029 | Orc:2    | Entered Level 2 of the Orcish Mines
 18418 | Orc:2    | Found Doxkirebb's Weapon Shop.
 18418 | Orc:2    | Found Veasinomul's Jewellery Emporium.
 18424 | Orc:2    | Found Uqigyqu's Weapon Emporium.
 18424 | Orc:2    | Found Segag's Magic Scroll Boutique.
 18518 | Orc:2    | Bought a +4 ring of evasion for 468 gold pieces
 18522 | Orc:2    | Bought a scroll of enchant armour for 127 gold pieces
 18912 | Orc:2    | Found a staircase to the Elven Halls.
 19355 | Swamp:1  | Entered Level 1 of the Swamp
 19355 | Swamp:1  | Noticed a thorn hunter
 19372 | Swamp:1  | Killed a thorn hunter
 20044 | Swamp:1  | Received a gift from Okawaru
 20056 | Swamp:1  | Identified the +2 war axe of Perfectionism {drain, Fragile +Fly rF+ Int+3} (Okawaru gifted it to you on level 1 of the Swamp)
 20211 | Swamp:2  | Noticed a thorn hunter
 20223 | Swamp:2  | Killed a thorn hunter
 20542 | Swamp:2  | Noticed a thorn hunter
 20560 | Swamp:2  | Killed a thorn hunter
 20604 | Swamp:2  | Noticed Louise
 20605 | Swamp:2  | Cast into level 2 of the Abyss (Louise)
 20746 | Abyss:2  | Received a gift from Okawaru
 20797 | Abyss:2  | Noticed an Executioner
 20805 | Abyss:2  | Killed an Executioner
 20820 | Abyss:2  | Noticed a tentacled starspawn
 20830 | Abyss:2  | Killed a tentacled starspawn
 20907 | Abyss:2  | Noticed an Executioner
 20914 | Abyss:2  | Killed an Executioner
 20914 | Abyss:2  | Reached XP level 17. HP: 90/111 MP: 22/22
 21018 | Abyss:2  | Received a gift from Okawaru
 21377 | Swamp:2  | Escaped the Abyss
 21400 | Swamp:2  | Killed Louise
 21801 | Swamp:3  | Received a gift from Okawaru
 22362 | Swamp:4  | Entered Level 4 of the Swamp
 22747 | Swamp:4  | Noticed the 27-headed Lernaean hydra
 22765 | Swamp:4  | Received a gift from Okawaru
 22804 | Swamp:4  | Killed the 27-headed Lernaean hydra
 23202 | Swamp:4  | Reached XP level 18. HP: 111/118 MP: 24/24
 23207 | Swamp:4  | Got a decaying rune of Zot
 23638 | Snake:1  | Entered Level 1 of the Snake Pit
 23827 | Snake:1  | Reached skill level 15 in Fighting
 24220 | Snake:1  | Received a gift from Okawaru
 24223 | Snake:1  | Identified the +0 plate armour of Impermeability {rF++ Regen+} (Okawaru gifted it to you on level 1 of the Snake Pit)
 24511 | Snake:2  | Found Seammawi's Assorted Antiques.
 24518 | Snake:2  | Bought a scroll of teleportation for 72 gold pieces
 24672 | Snake:2  | Noticed Frances
 24684 | Snake:2  | Killed Frances
 25813 | Snake:3  | Reached skill level 15 in Armour
 26132 | Snake:4  | Entered Level 4 of the Snake Pit
 26149 | Snake:4  | Received a gift from Okawaru
 26235 | Snake:4  | Noticed JeffiDaFish's ghost (adept GrFi)
 26294 | Snake:4  | Killed JeffiDaFish's ghost
 26294 | Snake:4  | Reached skill level 1 in Translocations
 26303 | Snake:4  | Found Jokarcho's Jewellery Emporium.
 26332 | Snake:4  | Reached skill level 1 in Spellcasting
 26345 | Snake:4  | Bought the ring "Mostriubb" {rN+ Str+4 Dex+2} for 433 gold pieces
 26444 | Snake:4  | Reached XP level 19. HP: 124/124 MP: 26/26
 26513 | Snake:4  | Found a blossoming altar of Fedhas.
 26780 | Snake:4  | Received a gift from Okawaru
 27181 | Snake:4  | Received a gift from Okawaru
 27431 | Snake:4  | Got a serpentine rune of Zot
 27668 | Snake:4  | Reached skill level 10 in Invocations
 27961 | Vaults:1 | Entered Level 1 of the Vaults
 28289 | Vaults:1 | Reached XP level 20. HP: 132/132 MP: 27/27
 28727 | Vaults:1 | Received a gift from Okawaru
 29056 | Vaults:2 | Found Bechuuh's Food Boutique.
 29322 | Vaults:2 | Received a gift from Okawaru
 30249 | Vaults:3 | Found Yremaj's Antique Armour Emporium.
 30899 | Vaults:3 | Received a gift from Okawaru
 31032 | Vaults:3 | Reached XP level 21. HP: 130/138 MP: 28/28
 31223 | Vaults:3 | Found a staircase to the Crypt.
 31230 | Vaults:3 | Noticed a bone dragon
 31249 | Vaults:3 | Killed a bone dragon
 31707 | Vaults:4 | Received a gift from Okawaru
 31808 | Vaults:4 | Noticed JeffiDaFish's ghost (adept GrFi)
 31840 | Vaults:4 | Killed JeffiDaFish's ghost
 31968 | Vaults:4 | Reached skill level 5 in Spellcasting
 32242 | Vaults:4 | Found Otygeu's Jewellery Emporium.
 32293 | Vaults:4 | Reached skill level 5 in Translocations
 32496 | Vaults:4 | Received a gift from Okawaru
 33134 | Vaults:5 | Entered Level 5 of the Vaults
 33138 | Vaults:5 | Noticed an ancient lich
 33209 | Vaults:5 | Noticed a golden dragon
 33253 | Vaults:4 | Reached XP level 22. HP: 121/145 MP: 28/30
 33293 | Vaults:4 | Killed an ancient lich
 33293 | Vaults:4 | Received a gift from Okawaru
 33485 | Vaults:5 | Killed a golden dragon
 33575 | Vaults:5 | HP: 3/146 [tengu reaver simulacrum[a necromancer] (27)]
 33688 | Vaults:5 | Received a gift from Okawaru
 33772 | Vaults:5 | Reached skill level 10 in Dodging
 33874 | Vaults:5 | Noticed blobert's ghost (adept MiFi)
 33919 | Vaults:5 | Killed blobert's ghost
 33928 | Vaults:5 | Found Ymejo's Antique Weapon Shoppe.
 34216 | Vaults:5 | Received a gift from Okawaru
 34302 | Vaults:5 | HP: 4/147 [deep troll shaman[an ironheart preserver] (15)]
 34304 | Vaults:5 | Mangled by a deep troll shaman

Skill      XL: |  1  2  3  4  5  6  7  8  9 10 11 12 13 14 15 16 17 18 19 20 21 22 |
---------------+-------------------------------------------------------------------+-----
Shields        | 4 5 6 8 9 10 12 13 14 15 16 17 18 19 | 19.5
Fighting       | 4 5 7 8 9 10 11 12 13 14 15 16 17 18 | 18.0
Maces & Flails | 3 4 5 6 8 10 11 13 14 15 16 17 18 19 | 19.1
Armour         | 4 5 6 7 8 9 10 11 12 13 14 15 16 17 | 17.8
Dodging        | 1 2 3 4 5 6 7 8 9 10 | 10.0
Stealth        | 1 |  1.4
Invocations    | 1 4 5 7 8 9 10 11 | 11.5
Translocations | 1 3 4 5 6 |  6.3
Spellcasting   | 1 2 4 5 6 |  6.3

Action                   |  1- 3 |  4- 6 |  7- 9 | 10-12 | 13-15 | 16-18 | 19-21 | 22-24 || total
-------------------------+-------+-------+-------+-------+-------+-------+-------+-------++-------
Melee: Flail             |   151 |    47 |       |       |       |       |       |       ||   198
       Whip              |       |   127 |   330 |       |       |       |       |       ||   457
       Morningstar       |       |       |    74 |   625 |  1136 |  1601 |  1636 |   398 ||  5470
       Unarmed           |       |       |       |       |     1 |       |       |       ||     1
Invok: Finesse           |       |       |       |       |     4 |     3 |     5 |     5 ||    17
Evoke: Wand              |       |       |       |       |       |     2 |     2 |     8 ||    12
  Use: Potion            |     3 |     3 |     2 |     3 |     4 |     1 |     1 |       ||    17
       Scroll            |     3 |     5 |     4 |     9 |    11 |    13 |     7 |     2 ||    54
 Stab: Distracted        |       |       |       |       |       |     1 |       |       ||     1
  Eat: Chunk             |     1 |     6 |    11 |    17 |    22 |    28 |    21 |     3 ||   109
       Fruit             |       |       |     1 |       |       |       |       |       ||     1
       Royal jelly       |       |       |       |       |       |       |     1 |       ||     1
Armor: Chain mail        |    94 |   101 |   121 |       |       |       |       |       ||   316
       Scale mail        |     2 |       |       |       |       |       |       |       ||     2
       Plate armour      |       |       |    88 |   457 |   422 |   580 |   510 |   278 ||  2335
Dodge: Dodged            |    35 |    43 |    74 |   129 |   152 |   484 |   355 |   139 ||  1411
Block: Shield            |    84 |    84 |   179 |   229 |       |       |       |       ||   576
       Large shield      |       |       |       |   293 |   936 |  1556 |  1741 |   577 ||  5103
